 Dungeon Crawl Stone Soup version 0.30-a0-585-g93115170b9 (webtiles) character file.

Game seed: 15544764900843224379

1088 avis the Trooper (level 8, -2/67 HPs)
             Began as a Merfolk Ice Elementalist on Jan 2, 2023.
             Killed from afar by an electric eel (8 damage)
             ... with a bolt of electricity
             ... on level 7 of the Dungeon.
             The game lasted 00:29:17 (3765 turns).

avis the Trooper (Merfolk Ice Elementalist)         Turns: 3765, Time: 00:29:18

Health: -2/67      AC:  6    Str: 11    XL:     8   Next: 30%
Magic:  12/12      EV: 18    Int: 26    God:
Gold:   211        SH:  0    Dex: 14    Spells: 6/13 levels left

rFire   . . .      SeeInvis .    b - +4 spear
rCold   . . .      Faith    .    (no shield)
rNeg    . . .      Spirit   .    u - +1 animal skin
rPois   .          Reflect  .    v - +0 helmet
rElec   .          Harm     .    (no cloak)
rCorr   .          Rampage  .    y - +1 pair of gloves
Will    .....                    (boots currently unavailable)
Stlth   +++                      (no amulet)
HPRegen 0.31/turn                h - +6 ring of intelligence
MPRegen 0.13/turn                G - +6 ring of intelligence

@: very quick
A: nimble swimmer 2, mertail
a: no special abilities


You were on level 7 of the Dungeon.
You visited 1 branch of the dungeon, and saw 5 of its levels.

You collected 211 gold pieces.

Inventory:

Hand Weapons
 a - a +1 heavy spear
 b - a +4 spear (weapon)
 e - a +2 short sword of freezing
 g - a +1 dagger of freezing
 r - a +0 sling
 t - a +2 dagger of venom
 A - a +0 whip of flaming
 F - a +0 mace of venom
Missiles
 B - 7 poisoned darts
Armour
 d - a +0 robe
 u - a +1 animal skin (worn)
 v - a +0 helmet (worn)
 y - a +1 pair of gloves (worn)
 I - a scarf of harm
Jewellery
 h - a +6 ring of intelligence (left hand)
 l - an amulet of guardian spirit
 G - a +6 ring of intelligence (right hand)
Wands
 x - a wand of polymorph (6)
Scrolls
 f - a scroll of enchant weapon {unknown}
 i - 4 scrolls of identify {unknown}
 k - a scroll of vulnerability {unknown}
 q - 2 scrolls of teleportation {unknown}
 w - a scroll of torment {unknown}
 C - a scroll of fear {unknown}
 D - a scroll of fog {unknown}
 H - a scroll of immolation {unknown}
Potions
 c - a potion of magic
 j - a potion of degeneration {unknown}
 m - 2 potions of attraction {unknown}
 n - a potion of heal wounds {unknown}
 o - 2 potions of flight {unknown}
 p - 2 potions of curing {unknown}
 s - a potion of lignification {unknown}
 z - a potion of ambrosia {unknown}
 E - a potion of brilliance {unknown}


   Skills:
 * Level 7.0 Fighting
 - Level 7.0 Dodging
 - Level 3.0 Stealth
 - Level 3.0 Spellcasting
 - Level 6.0 Ice Magic


You had 6 spell levels left.
You knew the following spells:

 Your Spells              Type           Power      Damage    Failure   Level
a - Freeze                Ice            100%       1d10      1%          1
o - Ozocubu's Armour      Ice            35%        N/A       2%          3
r - Frozen Ramparts       Ice            70%        1d11      2%          3

Your spell library contained the following spells:

 Spells                   Type           Power      Damage    Failure   Level
 Summon Small Mammal      Summ           12%        N/A       10%         1
 Summon Ice Beast         Ice/Summ       19%        N/A       26%         4
 Call Canine Familiar     Summ           3%         N/A       28%         3
 Summon Guardian Golem    Hex/Summ       3%         N/A       28%         3


Dungeon Overview and Level Annotations

Branches:
Dungeon (4/15)
 Temple: D:4-7

Altars:
Kikubaaqudgha
Okawaru
Xom

Shops:
D:1 [   D:2 =[*


Innate Abilities, Weirdness & Mutations

You are very nimble when in or above water. (Stealth+, EV+, Speed+++)
Your lower body shifts to a powerful aquatic tail in water.


Message History

The electric eel shoots out a bolt of lightning at you!
The bolt of electricity hits you!
You miss the electric eel.
The electric eel is almost dead.
The electric eel shoots out a bolt of lightning at you!
The bolt of electricity hits you.
You hit the electric eel.
You kill the electric eel!
You hear a splash.
Training target 7.0 for Dodging reached!
Your Dodging skill increases to level 7!
You need to enable at least one skill for training.
An electric eel comes into view.
The electric eel shoots out a bolt of lightning at you!
The bolt of electricity hits the plant!
The plant begins to die.
The bolt of electricity hits the plant!
The plant begins to die.
The bolt of electricity misses you.
Your legs become a tail as you enter the water.
The electric eel shoots out a bolt of lightning at you!
The bolt of electricity hits the plant! x2; The bolt of electricity hits you!
The electric eel shoots out a bolt of lightning at you!
The bolt of electricity hits the plant! x2; The bolt of electricity hits you!
Found a shimmering altar of Xom.
The electric eel shoots out a bolt of lightning at you!
The bolt of electricity hits you!
* * * LOW HITPOINT WARNING * * *
You miss the electric eel. You puncture the electric eel!
Your tail-slap misses the electric eel.
The electric eel is heavily wounded.
A nearby plant withers and dies. x2
The electric eel shoots out a bolt of lightning at you!
The bolt of electricity misses you.
The electric eel shoots out a bolt of lightning at you!
The bolt of electricity hits you!
* * * LOW HITPOINT WARNING * * *
You miss the electric eel.
The electric eel is heavily wounded.
The electric eel shoots out a bolt of lightning at you!
The bolt of electricity hits you!
You die...

~~~~P≈≈≈~~~~~P~♣##
♣~~~~≈≈≈≈≈~~†~~P~###
..~~P~≈~~~~~~~~~~..#
...................#
~.~~~~~~~~~~~~~~~..#
~.~~~P~~~~~≈≈≈≈~~~.#
P.P~~~♣♣♣~~~≈≈~~~♣$#
~.~~~♣♣ ♣♣♣~~~P~~♣.#
~.~~~♣ ♣~P~~~@~.#
♣PP~P~~S._#
..~♣♣♣~~♣##.# ..#
♣~♣# .# .. #~ # ##


You could see an electric eel.

Vanquished Creatures
  Pikel (D:3)
  Duvessa (D:4)
  A kobold brigand (D:4)
  2 necrophages (D:4)
  Dowan (D:4)
  An electric eel (D:7)
  A gnoll bouda (D:4)
  A hound (D:4)
  Natasha (thrice) (D:3)
  Robin (D:3)
  5 gnolls (D:4)
  3 adders
  A worm (D:3)
  3 dart slugs (D:3)
  5 ball pythons
  3 endoplasms (D:2)
  3 giant cockroaches
  8 hobgoblins
  A quokka (D:1)
  5 bats
  4 frilled lizards
  14 goblins
  13 kobolds
  7 rats
  A spectral goblin (D:3)
89 creatures vanquished.

Vanquished Creatures (others)
  2 plants (D:7)
2 creatures vanquished.

Grand Total: 91 creatures vanquished

Notes
Turn   | Place    | Note
-------+----------+-------------------------------------------
     0 | D:1      | avis the Merfolk Ice Elementalist began the quest for the
                  | Orb.
     0 | D:1      | Reached XP level 1. HP: 13/13 MP: 3/3
   118 | D:1      | Reached XP level 2. HP: 19/19 MP: 5/5
   124 | D:1      | Reached skill level 5 in Ice Magic
   377 | D:1      | Found Zapeihun's Antique Armour Shop.
   695 | D:2      | Found Xaoluir Gude's Antique Armour Boutique.
   697 | D:2      | Found Muoru's Jewellery Emporium.
   703 | D:2      | Reached XP level 3. HP: 24/24 MP: 3/6
   807 | D:2      | Learned a level 3 spell: Frozen Ramparts
   811 | D:2      | Learned a level 3 spell: Ozocubu's Armour
  1119 | D:2      | Found Biulu's Assorted Antiques.
  1346 | D:3      | Reached skill level 1 in Fighting
  1463 | D:3      | Reached XP level 4. HP: 30/32 MP: 6/8
  1646 | D:3      | Noticed Robin
  1670 | D:3      | Killed Robin
  1709 | D:3      | Noticed Natasha
  1718 | D:3      | Killed Natasha
  1809 | D:3      | Found a faded altar of an unknown god.
  1831 | D:3      | Reached XP level 5. HP: 36/38 MP: 9/9
  1897 | D:3      | Noticed Natasha
  1905 | D:3      | Killed Natasha
  2465 | D:3      | Noticed Natasha
  2472 | D:3      | Killed Natasha
  2747 | D:4      | Noticed Pikel
  2747 | D:4      | Noticed a lemure
  2747 | D:4      | Noticed a lemure
  2747 | D:4      | Noticed a lemure
  2757 | D:3      | Killed Pikel
  2758 | D:3      | Reached skill level 5 in Fighting
  2758 | D:3      | Reached skill level 5 in Dodging
  2758 | D:3      | Reached XP level 6. HP: 10/51 MP: 3/10
  2758 | D:3      | Reached XP level 7. HP: 11/56 MP: 3/11
  3061 | D:4      | Found an ancient bone altar of Kikubaaqudgha.
  3150 | D:4      | Noticed Dowan
  3156 | D:4      | Noticed Duvessa
  3161 | D:4      | Killed Duvessa
  3165 | D:4      | Killed Dowan
  3166 | D:4      | Reached XP level 8. HP: 59/65 MP: 3/12
  3268 | D:4      | Found an iron altar of Okawaru.
  3687 | D:4      | You fall into a shaft and drop 3 floors!
  3761 | D:7      | Found a shimmering altar of Xom.
  3765 | D:7      | Killed from afar by an electric eel

Illustrated notes

Levels and vault maps discovered:
D:1:      erik_arrival_blinker_ship, layout_rooms, serial_shops, shop_statue,
          chequers_serial_rivers_small_a, minmay_indecisive_spiral
D:2:      layout_loops_ring, serial_shops, shop, shop, shop
D:3:      layout_loops_cross, serial_aquarium, aquarium_bridge_island_small
          [aquarium_subvault_small_open, aquarium_subvault_wall,
          aquarium_subvault_bridge, aquarium_subvault_window,
          aquarium_subvault_wall], aquarium_bridge_square
          [aquarium_subvault_bridge, aquarium_subvault_window,
          aquarium_subvault_window, aquarium_subvault_window],
          aquarium_window_corridor_3, aquarium_window_2, aquarium_window_2,
          aquarium_view_2c, aquarium_pool_split,
          dreamdust_ecumenical_altar_drowned_temple, uniq_robin, uniq_natasha
D:4:      layout_loops_ring, lemuel_tele_altar, kennysheep_okawaru_gauntlet,
          amethyst_killhole, uniq_pikel, uniq_crazy_yiuf_cottage, uniq_duvessa
D:7:      nicolae_cairo_tiling, layout_loops_ring, overflow_temple_1_default,
          serial_bayou_lagoon_b, uniq_maggie

Skill      XL: |  1  2  3  4  5  6  7  8 |
---------------+-------------------------+-----
Ice Magic      | 5 6 |  6.0
Spellcasting   | 3 |  3.0
Fighting       | 1 2 5 6 7 |  7.0
Dodging        | 5 6 7 |  7.0
Stealth        | 3 |  3.0

Action                   |  1- 3 |  4- 6 |  7- 9 || total
-------------------------+-------+-------+-------++-------
Melee: Short sword       |    10 |       |       ||    10
       Dagger            |     1 |       |       ||     1
       Spear             |    37 |    57 |    56 ||   150
       Punch             |       |       |     1 ||     1
 Cast: Freeze            |    21 |     6 |       ||    27
       Frozen Ramparts   |       |     6 |     6 ||    12
       Ozocubu's Armour  |       |     4 |     5 ||     9
 Stab: Sleeping          |     9 |     3 |     4 ||    16
Armor: Robe              |     2 |     4 |       ||     6
       Animal skin       |       |     4 |    18 ||    22
Dodge: Dodged            |    39 |    42 |    39 ||   120

Table legend: (Time is in decaauts)
 A = Elapsed time spent in this place.
 B = Non-inter-level travel time spent in this place.
 C = Inter-level travel time spent in this place.
 D = Time resting spent in this place.
 E = Time spent auto-exploring this place.
 F = Levels seen in this place.
 G = Mean time per level.
                   A        B        C        D        E       F      G
               +--------+--------+--------+--------+--------+-----+--------+
         Total |   3825 |   3466 |    359 |    697 |   1752 |   5 |  765.0 |
       Dungeon |   3825 |   3466 |    359 |    697 |   1752 |   5 |  765.0 |
               +--------+--------+--------+--------+--------+-----+--------+

Top non-repeatable levels by time:
     D:3: 1527 daAuts
     D:4: 763 daAuts
     D:2: 742 daAuts
     D:1: 720 daAuts
     D:7: 71 daAuts
